TOP OF THE 1ST |
Rancho Cucamonga Quakes batting - Pitching for Myrtle Beach Pelicans : LHP Giomar Fubini
|
Pitching: LHP Giomar Fubini
|
|
Batting: RHB Omar Resendez
|
0-0: Called Strike 0-1: Foul Ball, location: 2F 0-2: Ball 1-2: Ball 2-2: Fly out, F8 (Flyball, 8RS, EV 86.9 MPH)
|
Batting: RHB Mario Mejia
|
0-0: Ground out 5-3 (Groundball, 56S, EV 67.5 MPH)
|
Batting: RHB Christopher Gallino
|
0-0: Ball 1-0: Foul Ball, location: 2F 1-1: Ball 2-1: Fly out, F9 (Flyball, 89S, EV 90.0 MPH)
|
Top of the 1st over - 0 runs, 0 hits, 0 errors, 0 left on base; Rancho Cucamonga 0 - Myrtle Beach 0 |
BOTTOM OF THE 1ST |
Myrtle Beach Pelicans batting - Pitching for Rancho Cucamonga Quakes : RHP Alex Aguilar
|
Pitching: RHP Alex Aguilar
|
|
Batting: RHB Bobby Valdez
|
0-0: Called Strike 0-1: Foul Ball, location: 2F 0-2: Ball 1-2: Ball 2-2: DOUBLE (Line Drive, 9LD, EV 112.5 MPH)
|
Batting: LHB Eric McIver
|
0-0: Reached on error, E4 (Groundball, 4, EV 96.3 MPH) Bobby Valdez to third
|
Batting: LHB Zack Lloyd
|
0-0: Ball 1-0: Foul Ball, location: 2F 1-1: Fly out, F9 (Flyball, 9LS, EV 85.0 MPH)
|
Batting: LHB Tony Santiago
|
0-0: Ball 1-0: Called Strike 1-1: DOUBLE (Line Drive, 89XD, EV 108.8 MPH) Bobby Valdez scores Eric McIver to third Runner from 3rd tries for Home, SAFE, throw by RF to home
|
Batting: RHB Guillermo Rios
|
0-0: Ball 1-0: Foul Ball, location: 2F 1-1: Ball 2-1: Ball 3-1: SINGLE (Line Drive, 78M, EV 104.4 MPH) Tony Santiago to third Runner from 3rd tries for Home, SAFE, throw by LF to home
|
Batting: RHB Roberto Rivera
|
0-0: Ball 1-0: SINGLE (Flyball, 89S, EV 100.0 MPH) Guillermo Rios to second Runner from 2nd tries for 3rd, SAFE, throw by RF made to third
|
Batting: RHB Chad Howe
|
0-0: Called Strike 0-1: Ball 1-1: Swinging Strike 1-2: SINGLE (Groundball, 56, EV 83.8 MPH) (infield hit) Guillermo Rios scores Roberto Rivera to second
|
Batting: SHB Eddie Tetzlaff
|
0-0: Called Strike 0-1: Ball 1-1: Fly out, F8 (Flyball, 78XD, EV 91.9 MPH) Runner from 2nd tags up, SAFE at 3rd, no throw by CF
|
Batting: RHB Giomar Fubini
|
0-0: Foul Ball, location: 2F 0-1: Fielders Choice at 2nd, 5-4 (Groundball, 56, EV 108.1 MPH)
|
Bottom of the 1st over - 4 runs, 5 hits, 1 error, 2 left on base; Rancho Cucamonga 0 - Myrtle Beach 4 |
TOP OF THE 2ND |
Rancho Cucamonga Quakes batting - Pitching for Myrtle Beach Pelicans : LHP Giomar Fubini
|
Batting: RHB Marty Roldan
|
0-0: Foul Ball, location: 2F 0-1: Ball 1-1: Ball 2-1: Called Strike 2-2: Foul Ball, location: 2F 2-2: Ball 3-2: Strikes out swinging
|
Batting: LHB Tim Dakin
|
0-0: Ball 1-0: Ground out 6-3 (Groundball, 6, EV 81.9 MPH)
|
Batting: LHB William Cano
|
0-0: Called Strike 0-1: Foul Ball, location: 2F 0-2: Ball 1-2: SINGLE (Groundball, 4MD, EV 101.3 MPH)
|
Batting: RHB Ian Enge
|
0-0: Ball Pickoff Throw by Catcher to First - Out!
|
Top of the 2nd over - 0 runs, 1 hit, 0 errors, 0 left on base; Rancho Cucamonga 0 - Myrtle Beach 4 |
BOTTOM OF THE 2ND |
Myrtle Beach Pelicans batting - Pitching for Rancho Cucamonga Quakes : RHP Alex Aguilar
|
Batting: RHB Bobby Valdez
|
0-0: DOUBLE (Line Drive, 78XD, EV 108.1 MPH)
|
Batting: LHB Eric McIver
|
0-0: Called Strike 0-1: Called Strike 0-2: Ground out 6-3 (Groundball, 6, EV 84.4 MPH) Bobby Valdez to third
|
Batting: LHB Zack Lloyd
|
0-0: Called Strike 0-1: Ball 1-1: Fly out, F8 (Flyball, 89S, EV 95.6 MPH)
|
Batting: LHB Tony Santiago
|
0-0: Ball 1-0: Ball 2-0: Ball Wild Pitch! Bobby Valdez scores 3-0: Called Strike 3-1: Base on Balls
|
Batting: RHB Guillermo Rios
|
0-0: Ball Tony Santiago steals 2nd, throwing error, E2 Tony Santiago to third 1-0: Ball 2-0: Ball 3-0: Base on Balls
|
Batting: RHB Roberto Rivera
|
0-0: Fielders Choice at 2nd, 6-4 (Groundball, 6, EV 86.3 MPH)
|
Bottom of the 2nd over - 1 run, 1 hit, 1 error, 2 left on base; Rancho Cucamonga 0 - Myrtle Beach 5 |
TOP OF THE 3RD |
Rancho Cucamonga Quakes batting - Pitching for Myrtle Beach Pelicans : LHP Giomar Fubini
|
Batting: RHB Ian Enge
|
0-0: Ball 1-0: Called Strike 1-1: Ball 2-1: Ground out 5-3 (Groundball, 5, EV 91.9 MPH)
|
Batting: RHB Al Castillo
|
0-0: Called Strike 0-1: Swinging Strike 0-2: Ground out 5-3 (Groundball, 56S, EV 71.9 MPH)
|
Batting: LHB Alex Aguilar
|
0-0: Foul Ball, location: 2F 0-1: Ground out 5-3 (Groundball, 5, EV 99.4 MPH)
|
Top of the 3rd over - 0 runs, 0 hits, 0 errors, 0 left on base; Rancho Cucamonga 0 - Myrtle Beach 5 |
BOTTOM OF THE 3RD |
Myrtle Beach Pelicans batting - Pitching for Rancho Cucamonga Quakes : RHP Alex Aguilar
|
Batting: RHB Chad Howe
|
0-0: Ball 1-0: SINGLE (Groundball, 4MD, EV 96.3 MPH)
|
Batting: SHB Eddie Tetzlaff
|
0-0: Called Strike 0-1: Called Strike 0-2: 2-RUN HOME RUN (Flyball, 9D, EV 110.0 MPH), Distance : 379 ft
|
Batting: RHB Giomar Fubini
|
0-0: Ground out 4-3 (Groundball, 4S, EV 90.0 MPH)
|
Batting: RHB Bobby Valdez
|
0-0: Called Strike 0-1: Called Strike 0-2: Strikes out swinging
|
Batting: LHB Eric McIver
|
0-0: Called Strike 0-1: Ground out U3 (Groundball, 3, EV 108.8 MPH)
|
Bottom of the 3rd over - 2 runs, 2 hits, 0 errors, 0 left on base; Rancho Cucamonga 0 - Myrtle Beach 7 |
TOP OF THE 4TH |
Rancho Cucamonga Quakes batting - Pitching for Myrtle Beach Pelicans : LHP Giomar Fubini
|
Batting: RHB Omar Resendez
|
0-0: Called Strike 0-1: Ball 1-1: Ball 2-1: Ground out 4-3 (Groundball, 34D, EV 107.5 MPH)
|
Batting: RHB Mario Mejia
|
0-0: Called Strike 0-1: Ball 1-1: Called Strike 1-2: Foul Ball, location: 2F 1-2: Ball 2-2: Ball 3-2: Strikes out swinging
|
Batting: RHB Christopher Gallino
|
0-0: Ball 1-0: Fly out, F8 (Flyball, 8LXD, EV 90.0 MPH)
|
Top of the 4th over - 0 runs, 0 hits, 0 errors, 0 left on base; Rancho Cucamonga 0 - Myrtle Beach 7 |
BOTTOM OF THE 4TH |
Myrtle Beach Pelicans batting - Pitching for Rancho Cucamonga Quakes : RHP Alex Aguilar
|
Batting: LHB Zack Lloyd
|
0-0: Ball 1-0: Fly out, F9 (Flyball, 9, EV 83.8 MPH)
|
Batting: LHB Tony Santiago
|
0-0: SINGLE (Line Drive, 8RS, EV 103.1 MPH)
|
Batting: RHB Guillermo Rios
|
0-0: Called Strike 0-1: DOUBLE (Line Drive, 9LS, EV 98.8 MPH) Tony Santiago to third Runner from 3rd tries for Home, SAFE, throw by RF to home
|
Pitching: RHP Malcolm Johnson
|
|
Batting: RHB Roberto Rivera
|
0-0: Foul Ball, location: 2F 0-1: Foul Ball, location: 2F 0-2: Ball 1-2: Strikes out swinging
|
Batting: RHB Chad Howe
|
0-0: Foul Ball, location: 2F 0-1: Ground out 4-3 (Groundball, 4, EV 100.6 MPH)
|
Bottom of the 4th over - 1 run, 2 hits, 0 errors, 1 left on base; Rancho Cucamonga 0 - Myrtle Beach 8 |
TOP OF THE 5TH |
Rancho Cucamonga Quakes batting - Pitching for Myrtle Beach Pelicans : LHP Giomar Fubini
|
Pitching: RHP Edgar Valdez
|
|
Batting: RHB Marty Roldan
|
0-0: Ball 1-0: SINGLE (Groundball, 34D, EV 96.3 MPH)
|
Batting: LHB Tim Dakin
|
0-0: Called Strike 0-1: Fly out, F8 (Line Drive, 8RD, EV 88.1 MPH)
|
Batting: LHB William Cano
|
0-0: Called Strike 0-1: Grounds into double play, 4-6-3 (Groundball, 34D, EV 88.8 MPH)
|
Top of the 5th over - 0 runs, 1 hit, 0 errors, 0 left on base; Rancho Cucamonga 0 - Myrtle Beach 8 |
BOTTOM OF THE 5TH |
Myrtle Beach Pelicans batting - Pitching for Rancho Cucamonga Quakes : RHP Malcolm Johnson
|
Batting: SHB Eddie Tetzlaff
|
0-0: Swinging Strike 0-1: Swinging Strike 0-2: Foul Ball, location: 2F 0-2: Strikes out looking
|
Batting: RHB Edgar Valdez
|
0-0: SINGLE (Line Drive, 78S, EV 106.3 MPH)
|
Batting: RHB Bobby Valdez
|
0-0: Called Strike 0-1: Foul Ball, location: 2F 0-2: Ball 1-2: Foul Ball, location: 2F 1-2: DOUBLE (Line Drive, 7LD, EV 112.5 MPH) Edgar Valdez to third Runner from 3rd tries for Home, SAFE, no throw by LF
|
Batting: LHB Eric McIver
|
0-0: Ball 1-0: Called Strike 1-1: SINGLE (Groundball, 56, EV 103.1 MPH) (infield hit) Bobby Valdez to third
|
Pitching: RHP Ben Redwine
|
|
Batting: LHB Zack Lloyd
|
0-0: Ball 1-0: SINGLE (Groundball, 4D, EV 102.5 MPH) Bobby Valdez scores Eric McIver to second
|
Batting: LHB Tony Santiago
|
0-0: Ball 1-0: Called Strike 1-1: Foul Ball, location: 2F 1-2: Ball 2-2: Foul Ball, location: 2F 2-2: Fielders Choice at 2nd, 4-6 (Groundball, 4, EV 100.0 MPH) Eric McIver to third
|
Batting: RHB Guillermo Rios
|
0-0: Ball 1-0: SINGLE (Groundball, 56S, EV 80.6 MPH) (infield hit) Eric McIver scores Tony Santiago to second
|
Batting: RHB Roberto Rivera
|
0-0: Called Strike 0-1: Foul Ball, location: 2F 0-2: SINGLE (Line Drive, 8LS, EV 85.6 MPH) Tony Santiago to third Guillermo Rios to second Runner from 3rd tries for Home, SAFE, throw by CF to home
|
Batting: RHB Chad Howe
|
0-0: Ball 1-0: Called Strike 1-1: Ball 2-1: Ball 3-1: Base on Balls Guillermo Rios to third Roberto Rivera to second
|
Pitching: RHP Andy Furman
|
|
Batting: SHB Eddie Tetzlaff
|
0-0: Ground out 4-3 (Groundball, 4, EV 105.6 MPH)
|
Bottom of the 5th over - 4 runs, 6 hits, 0 errors, 3 left on base; Rancho Cucamonga 0 - Myrtle Beach 12 |
TOP OF THE 6TH |
Rancho Cucamonga Quakes batting - Pitching for Myrtle Beach Pelicans : RHP Edgar Valdez
|
Batting: RHB Ian Enge
|
0-0: Ball 1-0: Swinging Strike 1-1: Called Strike 1-2: Foul Ball, location: 2F 1-2: Ball 2-2: Ball 3-2: Base on Balls
|
Batting: RHB Al Castillo
|
0-0: Swinging Strike 0-1: Called Strike 0-2: Ball 1-2: Strikes out swinging
|
Batting: RHB Andy Furman
|
0-0: Foul Ball, location: 2F 0-1: Foul Ball, location: 2F 0-2: Ground out 4-3 (Groundball, 4MS, EV 68.8 MPH) Ian Enge to second
|
Batting: RHB Omar Resendez
|
0-0: Called Strike 0-1: Ball 1-1: Foul Ball, location: 2F 1-2: Ball 2-2: Ground out 5-3 (Groundball, 56, EV 81.9 MPH)
|
Top of the 6th over - 0 runs, 0 hits, 0 errors, 1 left on base; Rancho Cucamonga 0 - Myrtle Beach 12 |
BOTTOM OF THE 6TH |
Myrtle Beach Pelicans batting - Pitching for Rancho Cucamonga Quakes : RHP Andy Furman
|
Pinch Hitting: LHB Dave Wheeler
|
0-0: Called Strike 0-1: Ball 1-1: Swinging Strike 1-2: Foul Ball, location: 2F 1-2: Ground out 6-3 (Groundball, 6, EV 102.5 MPH)
|
Batting: RHB Bobby Valdez
|
0-0: Called Strike 0-1: Ball 1-1: Ball 2-1: Ball 3-1: Base on Balls
|
Batting: LHB Eric McIver
|
0-0: Foul Ball, location: 2F 0-1: Fly out, F8 (Flyball, 8LM, EV 94.4 MPH)
|
Batting: LHB Zack Lloyd
|
0-0: Called Strike 0-1: Ball 1-1: Ball 2-1: Fielders Choice at 2nd, 5-4 (Groundball, 5, EV 85.0 MPH)
|
Bottom of the 6th over - 0 runs, 0 hits, 0 errors, 1 left on base; Rancho Cucamonga 0 - Myrtle Beach 12 |
TOP OF THE 7TH |
Rancho Cucamonga Quakes batting - Pitching for Myrtle Beach Pelicans : RHP Edgar Valdez
|
Pitching: RHP Leo Loetzsch
|
|
Batting: RHB Mario Mejia
|
0-0: Ball 1-0: Called Strike 1-1: Swinging Strike 1-2: Ball 2-2: Strikes out swinging
|
Batting: RHB Christopher Gallino
|
0-0: Ground out 5-3 (Groundball, 5, EV 92.5 MPH)
|
Batting: RHB Marty Roldan
|
0-0: Called Strike 0-1: Ball 1-1: Swinging Strike 1-2: Ball 2-2: Ball 3-2: Strikes out looking
|
Top of the 7th over - 0 runs, 0 hits, 0 errors, 0 left on base; Rancho Cucamonga 0 - Myrtle Beach 12 |
BOTTOM OF THE 7TH |
Myrtle Beach Pelicans batting - Pitching for Rancho Cucamonga Quakes : RHP Andy Furman
|
Batting: LHB Tony Santiago
|
0-0: Called Strike 0-1: Ball 1-1: DOUBLE (Line Drive, 78XD, EV 105.6 MPH)
|
Pinch Hitting: LHB Ryan Cross
|
0-0: Ball 1-0: Swinging Strike 1-1: Fly out, F9 (Flyball, 9, EV 87.5 MPH)
|
Batting: RHB Roberto Rivera
|
0-0: Ball 1-0: Ball 2-0: Called Strike 2-1: Called Strike 2-2: Strikes out swinging
|
Batting: RHB Chad Howe
|
0-0: Ground out 4-3 (Groundball, 4, EV 103.8 MPH)
|
Bottom of the 7th over - 0 runs, 1 hit, 0 errors, 1 left on base; Rancho Cucamonga 0 - Myrtle Beach 12 |
TOP OF THE 8TH |
Rancho Cucamonga Quakes batting - Pitching for Myrtle Beach Pelicans : RHP Leo Loetzsch
|
Now in RF: Ryan Cross
|
|
Batting: LHB Tim Dakin
|
0-0: Ground out U3 (Groundball, 3, EV 87.5 MPH)
|
Batting: LHB William Cano
|
0-0: Swinging Strike 0-1: Foul Ball, location: 2F 0-2: Ball 1-2: Ground out 4-3 (Groundball, 4, EV 90.6 MPH)
|
Batting: RHB Ian Enge
|
0-0: Swinging Strike 0-1: Ball 1-1: Fly out, F7 (Line Drive, 7, EV 108.8 MPH)
|
Top of the 8th over - 0 runs, 0 hits, 0 errors, 0 left on base; Rancho Cucamonga 0 - Myrtle Beach 12 |
BOTTOM OF THE 8TH |
Myrtle Beach Pelicans batting - Pitching for Rancho Cucamonga Quakes : RHP Andy Furman
|
Batting: SHB Eddie Tetzlaff
|
0-0: Called Strike 0-1: Swinging Strike 0-2: Ball 1-2: SINGLE (Groundball, 4MD, EV 100.0 MPH)
|
Batting: RHB Leo Loetzsch
|
0-0: Bunted foul 0-1: Sac Bunt to 23 - play at first, batter OUT! 3-4 Eddie Tetzlaff to second
|
Batting: RHB Bobby Valdez
|
0-0: Ball 1-0: Ground out 5-3 (Groundball, 56, EV 85.6 MPH)
|
Batting: LHB Eric McIver
|
0-0: Called Strike 0-1: Foul Ball, location: 2F 0-2: Ball Wild Pitch! Eddie Tetzlaff to third 1-2: Fly out, F7 (Flyball, 7D, EV 76.3 MPH)
|
Bottom of the 8th over - 0 runs, 1 hit, 0 errors, 1 left on base; Rancho Cucamonga 0 - Myrtle Beach 12 |
TOP OF THE 9TH |
Rancho Cucamonga Quakes batting - Pitching for Myrtle Beach Pelicans : RHP Leo Loetzsch
|
Batting: RHB Al Castillo
|
0-0: Called Strike 0-1: Ground out 4-3 (Groundball, 4, EV 105.6 MPH)
|
Batting: RHB Andy Furman
|
0-0: Ball 1-0: Ball 2-0: Called Strike 2-1: Foul Ball, location: 2F 2-2: Ball 3-2: Foul Ball, location: 2F 3-2: Ground out U3 (Groundball, 3, EV 88.1 MPH)
|
Batting: RHB Omar Resendez
|
0-0: Called Strike 0-1: Foul Ball, location: 2F 0-2: Ball 1-2: Ball 2-2: Strikes out swinging
|
Top of the 9th over - 0 runs, 0 hits, 0 errors, 0 left on base; Rancho Cucamonga 0 - Myrtle Beach 12 |
|